 Dungeon Crawl Stone Soup version 0.30.1-4-g462c640d31 (webtiles) character file.

Game seed: 11153087639785491489

4200 safid the Frost Mage (level 10, -1/83 HPs)
             Began as a Merfolk Ice Elementalist on Aug 23, 2023.
             Slain by a steam dragon (6 damage)
             ... on level 8 of the Dungeon.
             The game lasted 00:10:33 (8225 turns).

safid the Frost Mage (Merfolk Ice Elementalist)     Turns: 8225, Time: 00:10:34

Health: -1/83      AC:  5    Str: 12    XL:     10   Next: 29%
Magic:  25/31      EV: 13    Int: 18    God:
Gold:   468        SH:  0    Dex: 16    Spells: 18/25 levels left

rFire   . . .        v - +6 dagger of Classification {pain, Str+4}
rCold   . . .        (no shield)
rNeg    + . .        y - +2 robe {rN+}
rPois   .            (no helmet)
rElec   .            a - +0 cloak
rCorr   .            (no gloves)
SInv    .            (no boots)
Will    +....        (no amulet)
Stlth   ++           i - ring of willpower
HPRegen 0.33/turn    q - ring of magical power
MPRegen 0.22/turn

%: no passive effects
@: no status effects
A: (nimble swimmer 2), mertail
a: no special abilities


You were on level 8 of the Dungeon.
You visited 2 branches of the dungeon, and saw 9 of its levels.

You collected 468 gold pieces.

Inventory:

Hand Weapons
 g - a +0 mace
 v - the +6 dagger of Classification (weapon) {pain, Str+4}
   (You found it on level 3 of the Dungeon)

   Str:       It affects your strength (+4).
Armour
 a - a +0 cloak (worn)
 y - a +2 robe of positive energy (worn)
Jewellery
 d - a ring of ice
 i - a ring of willpower (left hand)
 q - a ring of magical power (right hand)
Wands
 p - a wand of flame (15)
 A - a wand of quicksilver (1)
 E - a wand of iceblast (6)
Scrolls
 h - 3 scrolls of fog
 m - 2 scrolls of enchant armour {unknown}
 r - a scroll of enchant weapon {unknown}
 t - a scroll of summoning {unknown}
 u - a scroll of immolation {unknown}
 z - a scroll of magic mapping {unknown}
 B - 2 scrolls of teleportation
 C - a scroll of amnesia {unknown}
 D - a scroll of fear {unknown}
Potions
 b - 3 potions of magic
 c - 3 potions of berserk rage {unknown}
 e - 3 potions of lignification {unknown}
 f - 4 potions of mutation {unknown}
 j - a potion of brilliance {unknown}
 k - 6 potions of curing
 l - 5 potions of heal wounds {unknown}
 n - a potion of attraction {unknown}
 o - 3 potions of haste {unknown}
 s - 3 potions of resistance
 w - 3 potions of flight {unknown}
 x - 3 potions of might {unknown}


   Skills:
 + Level 9.2 Fighting
 - Level 2.6 Dodging
 - Level 2.1 Stealth
 + Level 8.0 Spellcasting
 + Level 10.3 Ice Magic


You had 18 spell levels left.
You knew the following spells:

 Your Spells              Type           Power      Damage    Failure   Level
a - Freeze                Ice            100%       1d10      1%          1
b - Frozen Ramparts       Ice            88%        1d14      1%          3
c - Ozocubu's Armour      Ice            44%        N/A       1%          3

Your spell library contained the following spells:

 Spells                   Type           Power      Damage    Failure   Level
 Necrotise                Necr           28%        1d5       10%         1
 Sandblast                Erth           14%        2d6       10%         1
 Shock                    Conj/Air       28%        1d4       10%         1
 Summon Ice Beast         Ice/Summ       25%        N/A       12%         4
 Passwall                 Tmut/Erth      5%         N/A       14%         2
 Sublimation of Blood     Necr           7%         N/A       14%         2
 Wereblood                Tmut           7%         N/A       14%         2
 Stone Arrow              Conj/Erth      14%        3d7       28%         3
 Swiftness                Air            7%         N/A       28%         3
 Vampiric Draining        Necr           7%         2d6       28%         3
 Airstrike                Air            3%         2d(1-17)  67%         4
 Leda's Liquefaction      Hex/Erth       3%         N/A       67%         4
 Summon Lightning Spire   Summ/Air       7%         N/A       67%         4
 Agony                    Necr           7%         N/A       95%         5
 Lee's Rapid Deconstruct  Erth           3%         3d5*      95%         5
 Statue Form              Tmut/Erth      4%         N/A       100%        6
 Storm Form               Tmut/Air       3%         N/A       100%        7
 Summon Hydra             Summ           3%         N/A       100%        7
 Maxwell's Capacitive Co  Air            3%         ∞         100%        8


Dungeon Overview and Level Annotations

Branches:
Dungeon (8/15)             Temple (1/1) D:6
   Lair: D:8-11

Altars:
Fedhas
Gozag
Hepliaklqana
Kikubaaqudgha
Makhleb
Nemelex Xobeh
Qazlal
Sif Muna
Uskayaw
Xom
The Shining One


Innate Abilities, Weirdness & Mutations

((You are very nimble when in or above water. (Stealth+, EV+, Speed+++)))
Your lower body shifts to a powerful aquatic tail in water.


Message History

Aim: a sleepcap (severely damaged)
You freeze the sleepcap!
You destroy the sleepcap!
The steam dragon breathes steam at you. The ball of steam misses you.
You closely miss the steam dragon.
The steam dragon is lightly wounded.
You are engulfed in a cloud of scalding steam.
The steam dragon bites you but does no damage.
The steam dragon barely misses you. The heat melts your icy armour.
You hit the steam dragon.
The steam dragon is lightly wounded.
The steam dragon bites you.
* * * LOW HITPOINT WARNING * * *
The steam dragon closely misses you.
You hit the steam dragon.
The steam dragon is moderately wounded.
The steam dragon bites you.
* * * LOW HITPOINT WARNING * * *
The steam dragon claws you but does no damage.
You hit the steam dragon.
The steam dragon is moderately wounded.
The steam dragon bites you but does no damage.
The steam dragon misses you.
You puncture the steam dragon!
The steam dragon is heavily wounded.
The steam dragon bites you.
* * * LOW HITPOINT WARNING * * *
The steam dragon claws you but does no damage.
You puncture the steam dragon!
The steam dragon is almost dead.
The steam dragon breathes steam at you. The ball of steam hits you!
* * * LOW HITPOINT WARNING * * *
The heat melts your icy armour.
Your icy armour will break if you move.
Continue?
Your icy armour cracks and falls away as you move.
The steam dragon bites you.
You die...

#............
#...........#
#...........##
#.......!....#
#...)........#
#............#
#.<§§†......#
#.§§§§D.....#
#.§.§.@.....#
#..........##
#.............
#...........##
#.........###
#........##
##......##
#....#..


You could see a steam dragon (catching breath).

Vanquished Creatures
  Pikel (D:4)
  Grinder (D:6)
  Sigmund (D:4)
  5 yaks (D:7)
  Menkaure (D:7)
  A water moccasin (D:7)
  An orc warrior (D:5)
  4 black bears
  2 ogres
  3 lemures (D:4)
  2 phantoms (D:6)
  2 bullfrogs
  8 scorpions
  3 wights (D:7)
  7 killer bees
  A centaur zombie (D:3)
  An orc priest (D:5)
  6 hounds
  Natasha (D:3)
  2 iguanas
  2 sleepcaps
  Ijyb (D:3)
  An orc wizard (D:5)
  A hound skeleton (D:3)
  9 adders
  2 gnolls (D:5)
  A white imp (D:6)
  4 ufetubi (D:5)
  An adder skeleton (D:3)
  3 dart slugs
  16 orcs
  5 bats
  5 endoplasms
  8 giant cockroaches
  9 goblins
  12 hobgoblins
  3 jackals (D:5)
  4 kobolds
  4 quokkas
  7 ball pythons
  A frilled lizard (D:2)
  A quokka skeleton (D:3)
  A quokka zombie (D:3)
  3 rats
  A spectral jackal (D:3)
158 creatures vanquished.

Notes
Turn   | Place    | Note
-------+----------+-------------------------------------------
     0 | D:1      | safid the Merfolk Ice Elementalist began the quest for the
                  | Orb.
     0 | D:1      | Reached XP level 1. HP: 13/13 MP: 3/3
   128 | D:1      | Reached XP level 2. HP: 20/20 MP: 1/5
   242 | D:1      | Reached skill level 1 in Fighting
   742 | D:1      | Reached XP level 3. HP: 26/26 MP: 6/6
   808 | D:1      | Learned a level 3 spell: Frozen Ramparts
  1463 | D:2      | Reached skill level 5 in Ice Magic
  1540 | D:2      | Reached XP level 4. HP: 33/33 MP: 6/8
  2640 | D:3      | Noticed Ijyb
  2667 | D:3      | Killed Ijyb
  2668 | D:3      | Reached XP level 5. HP: 28/39 MP: 9/9
  2955 | D:3      | Noticed Natasha
  2994 | D:3      | Killed Natasha
  3050 | D:3      | Learned a level 3 spell: Ozocubu's Armour
  3152 | D:3      | Identified the +6 dagger of Classification {pain, Str+4}
  3281 | D:4      | Reached XP level 6. HP: 42/47 MP: 11/11
  3560 | D:4      | Noticed Pikel
  3580 | D:4      | Killed Pikel
  3581 | D:4      | Reached skill level 6 in Ice Magic
  3581 | D:4      | Reached XP level 7. HP: 26/55 MP: 13/13
  3703 | D:4      | Reached skill level 5 in Fighting
  3776 | D:4      | Reached skill level 7 in Ice Magic
  3776 | D:4      | Reached XP level 8. HP: 57/62 MP: 15/15
  3832 | D:4      | Noticed Sigmund
  3841 | D:4      | Killed Sigmund
  3842 | D:4      | Reached skill level 5 in Spellcasting
  4290 | D:5      | Entered Level 5 of the Dungeon
  4946 | D:5      | Reached skill level 8 in Ice Magic
  5376 | D:5      | Reached XP level 9. HP: 71/71 MP: 18/18
  6013 | D:6      | Identified the +0 ring mail of Makhleb's Supremacy {Dex+3
                  | Stlth+}
  6026 | D:6      | Found a staircase to the Ecumenical Temple.
  6040 | Temple   | Entered the Ecumenical Temple
  6488 | D:6      | Noticed Grinder
  6514 | D:6      | Killed Grinder
  6572 | D:6      | Reached skill level 9 in Ice Magic
  7514 | D:7      | Reached XP level 10. HP: 80/82 MP: 21/21
  7517 | D:7      | Reached skill level 10 in Ice Magic
  8053 | D:7      | Noticed Menkaure
  8062 | D:7      | Killed Menkaure
  8225 | D:8      | Slain by a steam dragon

Illustrated notes

Levels and vault maps discovered:
D:1:      psy_arrival_dodecagon, layout_basic
D:2:      layout_rooms, hangedman_decor_riveting, minmay_misc_feat_iff,
          kennysheep_generic_room_6
D:3:      layout_loops_ring, dilly_guarded_unrand_morg, uniq_ijyb
D:4:      layout_loops_ring, uniq_sigmund, uniq_pikel
D:5:      minmay_chambers_of_threes, layout_basic, guppyfry_early_orc_mine
D:6:      layout_layer_cave, minmay_temple_entry_trees, minmay_misc_feat_doors,
          kennysheep_generic_room_8, uniq_grinder
D:7:      layout_loops_ring, uniq_menkaure
D:8:      layout_layer_cave, nicolae_overflows_in_rows, minmay_door_square,
          uniq_maggie, uniq_erica
Temple:   hellmonk_temple_of_storms

Skill      XL: |  1  2  3  4  5  6  7  8  9 10 |
---------------+-------------------------------+-----
Fighting       | 1 2 3 4 5 6 8 9 |  9.2
Ice Magic      | 5 6 7 8 9 10 | 10.3
Spellcasting   | 3 4 6 7 8 |  8.0
Dodging        | |  2.6
Stealth        | |  2.1

Action                     |  1- 3 |  4- 6 |  7- 9 | 10-12 || total
---------------------------+-------+-------+-------+-------++-------
  Melee: Unarmed           |    18 |       |       |       ||    18
         Mace              |    63 |    87 |       |       ||   150
         Dagger            |       |    35 |   137 |    42 ||   214
         Punch             |       |     2 |     2 |       ||     4
   Cast: Freeze            |    33 |    12 |     8 |     6 ||    59
         Frozen Ramparts   |       |     8 |    33 |     6 ||    47
         Ozocubu's Armour  |       |     2 |    25 |     5 ||    32
    Use: Scroll            |       |       |     6 |       ||     6
         Potion            |       |       |       |     1 ||     1
   Stab: Sleeping          |     6 |     5 |     1 |       ||    12
 Armour: Robe              |    19 |    27 |    69 |    25 ||   140
  Dodge: Dodged            |    76 |    95 |    85 |    48 ||   304
